 Dungeon Crawl Stone Soup version 0.18.1-48-g4cf74bf (webtiles) character file.

291 torvon the Skirmisher (level 6, -2/53 HPs)
             Began as a Draconian Abyssal Knight on Aug 8, 2016.
             Was a Believer of Lugonu.
             Killed by nerve-wracking pain
             ... invoked by an orc priest
              (13 damage)
             ... on level 3 of the Dungeon.
             The game lasted 00:13:21 (2923 turns).

torvon the Skirmisher (Draconian Abyssal Knight)    Turns: 2923, Time: 00:13:22

Health: -2/53      AC:  6    Str: 15 (17) XL:     6   Next: 10%
Magic:  8/8        EV: 12    Int:  9 (12) God:    Lugonu [**....]
Gold:   63         SH:  0    Dex:  8 (10) Spells: 0 memorised, 5 levels left

rFire  . . .     SeeInvis .     a - +1 mace
rCold  . . .     Gourm    .     (armour unavailable)
rNeg   . . .     Faith    .     (no shield)
rPois  .         Spirit   .     e - +0 hat
rElec  .         Dismiss  .     (no cloak)
rCorr  .         Reflect  .     (no gloves)
SustAt .         Harm     .     (no boots)
MR     .....                    (no amulet)
Stlth  +.........               (no ring)
                                (no ring)

@: not resistant to hostile enchantments, very unstealthy
A: unfitting armour, cold-blooded, AC +6
a: Depart the Abyss, Bend Space, Renounce Religion


You were on level 3 of the Dungeon.
You worshipped Lugonu.
Lugonu was pleased with you.
You were not hungry.

You visited 1 branch of the dungeon, and saw 3 of its levels.
You visited the Abyss 1 time.

You collected 153 gold pieces.
You spent 90 gold pieces at shops.

Inventory:

Hand Weapons
 a - a +1 mace (weapon)
 f - a +0 hunting sling
 v - a +1 dagger of speed
Missiles
 k - 14 poisoned needles
 l - 53 stones (quivered)
 r - 23 bolts
Armour
 e - a +0 hat (worn)
Scrolls
 c - 6 scrolls of identify
Potions
 g - 3 potions of curing
 q - a potion of invisibility {unknown}
 s - a potion of lignification {unknown}


   Skills:
 + Level 4.4 Fighting
 * Level 4.3 Maces & Flails
 + Level 3.1 Dodging
 + Level 3.6 Invocations


You had 5 spell levels left.
You didn't know any spells.

Dungeon Overview and Level Annotations

Branches:
Dungeon (3/15)

Altars:
Gozag
Okawaru
Yredelemnul
Zin

Annotations:
D:2 Terence


Innate Abilities, Weirdness & Mutations

Your plain brown scales are hard (AC +6).
Your body does not fit into most forms of armour.
You are cold-blooded and may be slowed by cold attacks.


Message History

You sock the orc wizard!
The orc wizard is severely wounded.
The orc priest closely misses you. The orc closely misses you.
You hit the orc wizard.
You kill the orc wizard!
Lugonu accepts your kill.
The orc priest calls down the wrath of Beogh upon you.
Pain shoots through your body!
* * * LOW HITPOINT WARNING * * *
The orc hits you but does no damage.
The orc priest mumbles some strange prayers to Beogh against you.
Pain shoots through your body!
* * * LOW HITPOINT WARNING * * *
The orc completely misses you.
Things that are here:
a dagger of venom; a robe; an orc corpse You completely miss the orc priest.
The orc priest mumbles some strange prayers to Beogh against you.
Pain shoots through your body!
You die...

##### ##...# #....#
#####..
#._$.##og.....
#$$$..@o# ###.#####
## ...#######.
#..###.......#######
#..# .#.....#.....##
#..#
..............## ..#
........l......# ##
........r..g$..#
.........g.....#


You could see an orc priest, an orc and a goblin.

Vanquished Creatures
  A human (D:2)
  An orc priest (D:3)
  An orc wizard (D:3)
  3 adders (D:2)
  An ooze (D:2)
  A worm (D:2)
  2 dart slugs
  4 giant geckos
  3 orcs
  A giant cockroach (D:2)
  3 goblins
  8 hobgoblins
  9 jackals
  9 bats
  3 giant newts
  A goblin zombie (D:2)
  3 kobolds
  A kobold zombie (D:2)
  6 rats
61 creatures vanquished.

Notes
Turn   | Place    | Note
--------------------------------------------------------------
     0 | Abyss:1  | torvon the Draconian Abyssal Knight began the quest for the Orb.
     0 | Abyss:1  | Reached XP level 1. HP: 19/19 MP: 2/2
    70 | Abyss:1  | Found a corrupted altar of Lugonu.
   116 | D:1      | Escaped the Abyss
   430 | D:1      | Reached * piety under Lugonu
   444 | D:1      | Reached XP level 2. HP: 21/26 MP: 3/3
  1024 | D:2      | Reached XP level 3. HP: 21/31 MP: 4/4
  1152 | D:2      | Noticed a human
  1153 | D:2      | Found a runed door.
  1157 | D:2      | Found a basalt altar of Yredelemnul.
  1206 | D:2      | Killed a human
  1206 | D:2      | Reached XP level 4. HP: 25/40 MP: 4/6
  1206 | D:2      | Reached XP level 5. HP: 29/46 MP: 4/7
  1566 | D:2      | Found Zin's Purification Station.
  1570 | D:2      | Found a glowing silver altar of Zin.
  1583 | D:2      | Bought a potion of curing for 90 gold pieces
  1635 | D:2      | Found an iron altar of Okawaru.
  1708 | D:2      | Reached ** piety under Lugonu
  2357 | D:3      | Noticed Terence
  2846 | D:2      | Reached XP level 6. HP: 46/53 MP: 8/8
  2884 | D:3      | Noticed a wyvern
  2894 | D:2      | HP: 2/53 [wyvern (4)]
  2900 | D:3      | Found an opulent altar of Gozag.
  2923 | D:3      | Killed from afar by an orc priest

Skill      XL: |  1  2  3  4  5 |
---------------+----------------+-----
Fighting       | 4 |  4.4
Maces & Flails | 3 4 |  4.3
Invocations    | 3 |  3.6
Dodging        | 3 |  3.1

Action                   |  1- 3 |  4- 6 || total
-------------------------+-------+-------++-------
Melee: Mace              |    92 |   141 ||   233
       Tailslap          |     7 |    18 ||    25
Invok: Depart the Abyss  |     1 |       ||     1
       Bend Space        |       |     3 ||     3
  Use: Scroll            |       |     6 ||     6
       Potion            |       |     6 ||     6
  Eat: Meat ration       |     1 |       ||     1
       Beef jerky        |       |     1 ||     1
       Bread ration      |       |     1 ||     1
Armor: Skin              |    54 |    76 ||   130
Dodge: Dodged            |    81 |   152 ||   233
